 Dungeon Crawl Stone Soup version 0.22-a0-812-g4c1e2d5471 (webtiles) character file.

70 Htamos the Conjurer (level 4, -6/26 HPs)
             Began as a Tengu Conjurer on July 23, 2018.
             Mangled by Sigmund
             ... wielding a +0 scythe
              (8 damage)
             ... on level 2 of the Dungeon.
             The game lasted 00:03:20 (1798 turns).

Htamos the Conjurer (Tengu Conjurer)                Turns: 1798, Time: 00:03:21

Health: -6/26      AC:  3    Str:  8    XL:     4   Next: 22%
Magic:  8/8        EV: 13    Int: 16    God:
Gold:   87         SH:  0    Dex: 15    Spells: 6/7 levels left

rFire    . . .     SeeInvis .   d - +0 dagger
rCold    . . .     Gourm    .   (no shield)
rNeg     . . .     Faith    .   a - +0 robe
rPois    .         Spirit   .   (helmet restricted)
rElec    .         Reflect  .   f - +0 cloak
rCorr    .         Harm     .   (no gloves)
MR       .....                  (boots unavailable)
Stlth    +.........             (no amulet)
HPRegen  0.08/turn              (no ring)
MPRegen  0.11/turn              (no ring)

@: confused
A: beak, talons 3
a: no special abilities


You were on level 2 of the Dungeon.
You were near starving.

You visited 1 branch of the dungeon, and saw 2 of its levels.

You collected 87 gold pieces.

Inventory:

Hand Weapons
 d - a +0 dagger (weapon)
 e - a +0 short sword
Armour
 a - a +0 robe (worn)
 f - a +0 cloak (worn)
Wands
 p - a wand of random effects (20)
Scrolls
 g - a scroll of teleportation {unknown}
 h - a scroll of random uselessness {unknown}
 i - 4 scrolls of identify {unknown}
 m - a scroll of enchant weapon {unknown}
 n - a scroll of amnesia {unknown}
Potions
 b - a potion of might {unknown}
 j - a potion of ambrosia {unknown}
 k - 2 potions of heal wounds {unknown}
 l - a potion of brilliance {unknown}
Comestibles
 c - 4 rations


   Skills:
 + Level 1.7 Fighting
 * Level 2.5 Short Blades
 - Level 2.1 Dodging
 - Level 2.0 Stealth
 - Level 2.2 Spellcasting
 - Level 5.7 Conjurations


You had 6 spell levels left.
You knew the following spells:

 Your Spells              Type           Power        Failure   Level  Hunger
a - Magic Dart            Conj           ###.         1%          1    #......

Your spell library contained the following spells:

 Spells                   Type           Power        Failure   Level  Hunger
 Iskenderun's Mystic Bla  Conj           ###.....     19%         4    #####..
 Fulminant Prism          Conj/Hex       ##........   52%         4    #####..
 Dazzling Spray           Conj/Hex       ##....       19%         3    ###....
 Force Lance              Conj/Tloc      ##......     52%         4    #####..
 Searing Ray              Conj           ###...       3%          2    ###....


Dungeon Overview and Level Annotations

Branches:
Dungeon (2/15)

Altars:

Annotations:
D:2 Sigmund


Innate Abilities, Weirdness & Mutations

You have a beak for a mouth.
You have claws for feet.


Message History

You resist with some effort.
Sigmund hits you from afar with a scythe!
You bump into the rock wall.
Sigmund casts a spell at you. You resist with some effort.
You feel less confused.
Sigmund casts a spell.
Sigmund flickers and vanishes!
You hear some strange, mumbled words.
You are confused.
Something hits you.
You bump into the rock wall.
Something hits you!
* * * LOW HITPOINT WARNING * * *
You're too confused to move!
You hear some strange, mumbled words.
Something tries to affect you, but you resist.
You miss something. Something hits you.
* * * LOW HITPOINT WARNING * * *
You closely miss something. Something hits you!
You die...

############### ###
#..........@{.#
...###.###########.#
#..##.# #####.##
#.##.# #......#
#....# #####..#
#...## #..# #..>.#
#..# #....# #..#
##....# #..#


There were no monsters in sight!

Vanquished Creatures
  Jessica (D:2)
  An adder (D:2)
  2 leopard geckos (D:1)
  A ball python (D:1)
  9 goblins
  7 hobgoblins
  3 bats (D:1)
  3 frilled lizards (D:1)
  2 kobolds (D:1)
  3 rats (D:1)
32 creatures vanquished.

Notes
Turn   | Place    | Note
-------+----------+-------------------------------------------
     0 | D:1      | Htamos the Tengu Conjurer began the quest for the Orb.
     0 | D:1      | Reached XP level 1. HP: 10/10 MP: 4/4
   308 | D:1      | Reached XP level 2. HP: 16/16 MP: 1/6
   992 | D:2      | Noticed Jessica
   993 | D:2      | Reached skill level 1 in Fighting
   993 | D:2      | Reached skill level 1 in Short Blades
   997 | D:2      | Reached XP level 3. HP: 20/20 MP: 1/7
  1036 | D:2      | Killed Jessica
  1161 | D:2      | Reached XP level 4. HP: 25/25 MP: 1/8
  1379 | D:2      | Noticed Sigmund
  1798 | D:2      | Mangled by Sigmund

Vault maps used:
D:1:      dpeg_arrival_refuge, serial_curves, eino_curves_02, eino_curves_04,
          minmay_box_of_dots
D:2:      okawaru_altar_gauntlet_db, makhleb_grotto_becter, first_ration,
          uniq_sigmund, uniq_robin, uniq_jessica

Skill      XL: |  1  2  3 |
---------------+----------+-----
Fighting       | 1 |  1.7
Short Blades   | 1 2 |  2.5
Dodging        | |  2.1
Stealth        | |  2.0
Spellcasting   | |  2.2
Conjurations   | |  5.7

Action                   |  1- 3 |  4- 6 || total
-------------------------+-------+-------++-------
Melee: Unarmed           |     2 |       ||     2
       Kick              |     7 |     5 ||    12
       Dagger            |    29 |    29 ||    58
       Peck              |     2 |     1 ||     3
 Cast: Magic Dart        |    47 |     8 ||    55
Evoke: Wand              |       |     8 ||     8
  Eat: Chunk             |     1 |     1 ||     2
Armor: Robe              |     9 |     4 ||    13
Dodge: Dodged            |    19 |    21 ||    40

Table legend:
 A = Spawn XP
 B = Non-spawn XP
 C = Spawn XP percentage of total XP
 D = Spawn monster count
 E = Non-spawn monster count
 F = Spawn count percentage of total count
 G = Total turns spent on level
                    A         B        C        D         E        F      G
               +---------+---------+-------+---------+---------+-------+---------
         Total |       0 |     101 |   0.0 |       0 |      32 |   0.0 |  1798
               +---------+---------+-------+---------+---------+-------+---------
           D:1 |       0 |      30 |   0.0 |       0 |      19 |   0.0 |  1155
           D:2 |       0 |      71 |   0.0 |       0 |      13 |   0.0 |   643
               +---------+---------+-------+---------+---------+-------+---------
